 Dungeon Crawl Stone Soup version 0.31.0-12-g77e489cdc1 (webtiles) character file.

Game seed: 51349445012036395

58 ChrisAssaf the Apothecary (level 3, -1/25 HPs)
             Began as a Demonspawn Alchemist on Feb 18, 2024.
             Slain by a gnoll
             ... wielding a +0 spear of venom
              (2 damage)
             ... on level 3 of the Dungeon.
             The game lasted 00:04:02 (906 turns).

ChrisAssaf the Apothecary (Demonspawn Alchemist)     Turns: 906, Time: 00:04:03

Health: -1/25      AC:  5    Str: 10    XL:     3   Next: 76%
Magic:  3/6        EV: 12    Int: 15    God:
Gold:   47         SH:  0    Dex: 19    Spells: 0/6 levels left

rFire   . . .        (no weapon)
rCold   . . .        (no shield)
rNeg    . . .        a - +0 robe
rPois   .            (no helmet)
rElec   .            e - +2 cloak
rCorr   .            (no gloves)
SInv    .            (no boots)
Will    .....        (no amulet)
Stlth   ++           d - +6 ring of dexterity
HPRegen 0.24/turn    (no ring)
MPRegen 0.10/turn

%: no passive effects
@: lethally poisoned (-1 -> -4)
A: claws 1
a: no special abilities


You were on level 3 of the Dungeon.
You visited 1 branch of the dungeon, and saw 3 of its levels.

You collected 47 gold pieces.

Inventory:

Armour
 a - a +0 robe (worn)
 e - a +2 cloak (worn)
Jewellery
 d - a +6 ring of dexterity (left claw)
Potions
 b - a potion of magic
 c - 2 potions of lignification {unknown}
 g - a potion of resistance {unknown}
 i - a potion of curing {unknown}


   Skills:
 * Level 0.7 Fighting
 * Level 0.7 Armour
 * Level 2.0 Dodging
 * Level 1.9 Stealth
 * Level 0.7 Unarmed Combat
 * Level 2.2 Spellcasting
 * Level 1.3 Conjurations
 * Level 0.2 Air Magic
 * Level 3.6 Alchemy


You couldn't memorise any spells.
You knew the following spells:

 Your Spells              Type           Power      Damage    Failure   Level
a - Sting                 Conj/Alch      36%        1d5       8%          1
b - Mercury Vapours       Alch/Air       14%        N/A       14%         2
c - Mephitic Cloud        Conj/Alch/Air  6%         N/A       32%         3

Your spell library contained the following spells:

 Spells                   Type           Power      Damage    Failure   Level
 Olgreb's Toxic Radiance  Alch           12%        N/A       43%         4
 Sticky Flame             Fire/Alch      7%         2d4       71%         4


Dungeon Overview and Level Annotations

Branches:
Dungeon (3/15)

Altars:
Ashenzari


Innate Abilities, Weirdness & Mutations

You have sharp fingernails.


Message History

The gnoll shouts!
The gnoll shouts!
You closely miss the gnoll. The gnoll hits you with a +0 whip.
You scratch the gnoll.
The gnoll is moderately wounded.
The gnoll hits you with a +0 whip.
You scratch the gnoll.
The gnoll is severely wounded.
The gnoll closely misses you.
You scratch the gnoll.
You kill the gnoll!
Things that are here:
a +0 whip; a gnoll corpse
Press: ? - help, v - describe, . - travel The floor.
Aiming: Mercury Vapours (safe; 14% risk of failure)
Press: ? - help, Q - select action, (/) - cycle Dir - move target, f - gnoll
Aim: a gnoll, wielding a +0 spear of venom (chance to weaken: 100%) Fumes of mercury billow around the gnoll!
The gnoll is poisoned.
The gnoll looks weaker.
The gnoll barely misses you. The gnoll barely misses you.
The gnoll hits you with a +0 spear of venom.
You are poisoned.
You feel very sick. The gnoll closely misses you.
You closely miss the gnoll.
The gnoll is moderately wounded.
You feel sick.
You scratch the gnoll.
The gnoll is moderately wounded.
You feel sick. The gnoll misses you. The gnoll closely misses you.
You scratch the gnoll but do no damage.
The gnoll is moderately wounded.
You feel sick.
The gnoll hits you from afar with a +0 halberd!
* * * LOW HITPOINT WARNING * * *
The gnoll hits you with a +0 spear of venom.
You die...

.................>#...[.....
##........######..#.........
#.####..## #..#......... ..
##..######..#......... .
#..#.......#.........
##..#.......#.#.######
............#.#.#
.##.#..g.....#
.....g.@..#..#
#.#.#.#..<#..# #.#.#)#.#..#
#...#.#... #.#...# ...
#.#.#.# #.# # #.... #.#...
### ...


You could see 2 gnolls.

Vanquished Creatures
  A gnoll (D:3)
  2 adders (D:2)
  6 ball pythons
  3 bats
  2 endoplasms (D:2)
  A giant cockroach (D:2)
  A goblin (D:2)
  2 hobgoblins (D:2)
  4 jackals (D:1)
  2 quokkas (D:2)
  3 frilled lizards (D:2)
  2 rats (D:2)
29 creatures vanquished.

Notes
Turn   | Place    | Note
-------+----------+-------------------------------------------
     0 | D:1      | ChrisAssaf the Demonspawn Alchemist began the quest for the
                  | Orb.
     0 | D:1      | Reached XP level 1. HP: 13/13 MP: 3/3
    99 | D:1      | Gained mutation: You have sharp fingernails. [demonic
                  | ancestry]
    99 | D:1      | Reached XP level 2. HP: 15/19 MP: 0/5
   110 | D:1      | Learned a level 2 spell: Mercury Vapours
   360 | D:2      | Reached XP level 3. HP: 25/25 MP: 6/6
   364 | D:2      | Learned a level 3 spell: Mephitic Cloud
   814 | D:2      | Found a broken altar of Ashenzari.
   906 | D:3      | HP: 1/25 [gnoll/+0 halberd (12)]
   906 | D:3      | Slain by a gnoll

Illustrated notes

Levels and vault maps discovered:
D:1:      minmay_arrival_split_and_join, layout_loops_corners
D:2:      layout_loops_cross, basic_altar, kennysheep_generic_room_3
D:3:      layout_basic

Skill      XL: |  1  2 |
---------------+-------+-----
Dodging        | 2 |  2.0
Fighting       | |  0.7
Armour         | |  0.7
Stealth        | |  1.9
Unarmed Combat | |  0.7
Spellcasting   | |  2.2
Conjurations   | |  1.3
Air Magic      | |  0.2
Alchemy        | |  3.6

Action                     || total
---------------------------++-------
  Melee: Unarmed           ||    52
         Punch             ||     2
   Cast: Sting             ||    12
         Mercury Vapours   ||    11
         Mephitic Cloud    ||     1
    Use: Scroll            ||     3
   Stab: Sleeping          ||     2
 Armour: Robe              ||    27
  Dodge: Dodged            ||    36
